 Dungeon Crawl Stone Soup version 0.20.2-3-g29329e0561 (webtiles) character file.

218 Alfie the Skirmisher (level 5, 0/47 HPs)
             Began as a Hill Orc Fighter on Nov 30, 2022.
             Killed from afar by an orc wizard (6 damage)
             ... with a puff of flame
             ... on level 4 of the Dungeon.
             The game lasted 00:07:56 (2600 turns).

Alfie the Skirmisher (Hill Orc Fighter)             Turns: 2600, Time: 00:07:57

Health: 0/47       AC:  8    Str: 20    XL:     5   Next: 95%
Magic:  5/5        EV:  7    Int:  8    God:
Gold:   131        SH:  9    Dex: 10    Spells: 4/4 levels left

rFire    . . .     SeeInvis .   a - +1 rapier
rCold    . . .     Gourm    .   c - +0 shield
rNeg     . . .     Faith    .   b - +0 scale mail
rPois    .         Spirit   .   o - +0 helmet
rElec    .         Reflect  .   (no cloak)
rCorr    .         Harm     .   (no gloves)
MR       .....                  (no boots)
Stlth    ..........             (no amulet)
Regen    0.2/turn               (no ring)
MPRegen  0.1/turn               (no ring)

@: hasted, drained, very quick
A: no striking features
a: Convert to Beogh


You were on level 4 of the Dungeon.
You were not hungry.

You visited 1 branch of the dungeon, and saw 4 of its levels.

You collected 131 gold pieces.

Inventory:

Hand Weapons
 a - a +1 rapier (weapon)
Armour
 b - a +0 scale mail (worn)
 c - a +0 shield (worn)
 o - a +0 helmet (worn)
Jewellery
 g - an uncursed amulet of rage {unknown}
 i - a +2 ring of protection {unknown}
Wands
 p - a wand of iceblast (9/15)
Scrolls
 h - a scroll of fog {unknown}
 l - 3 scrolls of magic mapping {unknown}
 n - 2 scrolls of amnesia {unknown}
 q - a scroll of teleportation {unknown}
 s - a scroll of recharging {unknown}
 t - a scroll of enchant weapon
 u - a scroll of fear {unknown}
Potions
 d - a potion of might
Books
 r - a book of Changes

   Spells                             Type                      Level
   a - Beastly Appendage              Transmutation                1
   b - Sticks to Snakes               Transmutation                2
   c - Spider Form                    Transmutation/Poison         3
   d - Ice Form                       Ice/Transmutation            4
   e - Blade Hands                    Transmutation                5
Comestibles
 f - 2 bread rations
 j - a fruit


   Skills:
 + Level 4.5(3.9) Fighting
 + Level 3.8(3.2) Short Blades
 + Level 4.2(3.7) Armour
 + Level 1.0(0.4) Dodging
 + Level 0.1(0.0) Stealth
 + Level 4.2(3.7) Shields


You had 4 spell levels left.
You didn't know any spells.

Dungeon Overview and Level Annotations

Branches:
Dungeon (4/15)
 Temple: D:4-7

Altars:
Dithmenos
Fedhas
Hepliaklqana
Kikubaaqudgha
Trog


Message History

The worker ant waves its antennae.
You hit something. You puncture something!
Something hits you but does no damage. x2
Unknown command.
It was a potion of haste.
You feel yourself speed up. Something hits you but does no damage.
You closely miss something.
Your shield prevents you from hitting something.
Something hits you.
* * * LOW HITPOINT WARNING * * *
The orc priest calls upon Beogh to heal the orc.
The orc's wounds heal themselves!
You hit something. Something hits you but does no damage.
You closely miss something. You miss something.
Something hits you but does no damage.
You hit something but do no damage.
You hear some strange, mumbled words.
A puff of flame appears from out of thin air!
The puff of flame hits you!
You die...

#.#######.#
#.#######.####
#.#...........
#....†........
##########.#.#####.####
###........(.#.# #.#
#.....######.#.# #.#
!##....a######.#.#####.#
.......oo.@............#
?.......######........##
........# ######.####.#
...##.### #......# #.#
..# #. #.###### #.# .#
#. #.# #.# #. #.# #.#
#.# #.# #.#


You could see a worker ant, an orc priest and an orc.

Vanquished Creatures
  An orc priest (D:4)
  Ijyb (D:3)
  2 worker ants (D:4)
  Robin (D:3)
  An adder (D:4)
  4 worms
  A dart slug (D:4)
  3 leopard geckos
  10 orcs
  A ball python (D:4)
  3 giant cockroaches (D:1)
  14 goblins
  6 hobgoblins
  4 bats
  8 frilled lizards
  6 kobolds
  9 rats
75 creatures vanquished.

Notes
Turn   | Place    | Note
-------+----------+-------------------------------------------
     0 | D:1      | Alfie the Hill Orc Fighter began the quest for the Orb.
     0 | D:1      | Reached XP level 1. HP: 19/19 MP: 1/1
     2 | D:1      | Noticed a vine stalker
     2 | D:1      | Noticed a troll
     4 | D:1      | Noticed a felid
     4 | D:1      | Noticed a formicid
     6 | D:1      | Noticed a merfolk
     6 | D:1      | Noticed a halfling
     8 | D:1      | Noticed an octopode
     8 | D:1      | Noticed a demonspawn
    10 | D:1      | Noticed a minotaur
    14 | D:1      | Noticed an elf
    14 | D:1      | Noticed a gargoyle
    16 | D:1      | Noticed a dwarf
    16 | D:1      | Noticed a human
    18 | D:1      | Noticed a naga
    20 | D:1      | Noticed a vampire
    20 | D:1      | Noticed a centaur
    22 | D:1      | Noticed a tengu
    22 | D:1      | Noticed a draconian
    24 | D:1      | Noticed a spriggan
    24 | D:1      | Noticed an ogre
    26 | D:1      | Noticed a demigod
    26 | D:1      | Noticed a ghoul
   196 | D:1      | Reached XP level 2. HP: 27/27 MP: 2/2
   800 | D:2      | Reached XP level 3. HP: 27/33 MP: 3/3
  1294 | D:3      | Noticed Robin
  1317 | D:3      | Killed Robin
  1317 | D:3      | Reached XP level 4. HP: 36/40 MP: 4/4
  1586 | D:3      | Found a hazy altar of Hepliaklqana.
  1724 | D:3      | Noticed Ijyb
  1761 | D:3      | Killed Ijyb
  1761 | D:3      | Reached XP level 5. HP: 29/46 MP: 5/5
  2296 | D:4      | Found a blossoming altar of Fedhas.
  2302 | D:4      | Found an ancient bone altar of Kikubaaqudgha.
  2302 | D:4      | Found a shadowy altar of Dithmenos.
  2302 | D:4      | Found a bloodstained altar of Trog.
  2483 | D:4      | Reached skill level 1 in Dodging
  2600 | D:4      | Killed from afar by an orc wizard

Skill      XL: |  1  2  3  4  5 |
---------------+----------------+-----
Fighting       | 4 |  4.5
Short Blades   | 3 |  3.8
Shields        | 4 |  4.2
Armour         | 4 |  4.2
Dodging        | 1 |  1.0
Stealth        | |  0.1

Action                   |  1- 3 |  4- 6 || total
-------------------------+-------+-------++-------
Melee: Rapier            |   155 |   203 ||   358
  Use: Scroll            |     1 |     2 ||     3
       Potion            |       |     6 ||     6
  Eat: Fruit             |     2 |     5 ||     7
Armor: Scale mail        |    76 |    65 ||   141
Dodge: Dodged            |    41 |    48 ||    89
Block: Shield            |    83 |    94 ||   177
